[Event "December 12 Late 2023"]
[Site "https://www.chess.com"]
[Date "2023.12.12"]
[Round "9"]
[White "Wartiovaara, Oliver"]
[Black "Marcziter, Dmitrii"]
[Result "0-1"]
[Board "73"]
[TimeControl "180+1"]
[WhiteFideId "513024"]
[BlackFideId "13900765"]
[WhiteElo "2487"]
[BlackElo "2335"]
[WhiteTeam "FIN"]
[BlackTeam "GER"]
[WhiteClock "0:02:44"]
[BlackClock "0:02:15"]

1. d4 Nf6 2. Nf3 g6 3. Nbd2 d5 4. b4 c6 5. e3 Bg7 6. Rb1 a6 7. Be2 O-O 8. O-O Bf5 9. a4 Nbd7 10. Ba3 Re8 11. b5 axb5 12. Bb4 bxa4 13. Ra1 b5 14. c3 e5 15. Nh4 Be6 16. dxe5 Nxe5 17. f4 Neg4 18. Bc5 Nd7 19. Bd4 Qxh4 0-1

[Event "December 12 Late 2023"]
[Site "https://www.chess.com"]
[Date "2023.12.12"]
[Round "9"]
[White "Rose, Felix"]
[Black "Herman, Matthew"]
[Result "0-1"]
[Board "74"]
[TimeControl "180+1"]
[WhiteFideId "5105722"]
[BlackFideId "2028964"]
[WhiteElo "2332"]
[BlackElo "2487"]
[WhiteTeam "MEX"]
[BlackTeam "USA"]
[WhiteClock "0:00:03"]
[BlackClock "0:00:08"]

1. Nf3 Nf6 2. e3 g6 3. c4 Bg7 4. b4 O-O 5. Bb2 d6 6. Be2 e5 7. d3 Re8 8. Nbd2 Nbd7 9. O-O Nf8 10. a4 h5 11. a5 N8h7 12. Qb3 Ng4 13. b5 Kh8 14. h3 Nh6 15. Rfc1 g5 16. c5 d5 17. d4 e4 18. Ne5 g4 19. hxg4 hxg4 20. g3 Ng5 21. Kg2 Nf3 22. Qc2 Bxe5 23. dxe5 Be6 24. Rh1 Qg5 25. c6 b6 26. axb6 axb6 27. Rxa8 Rxa8 28. Nb3 Kg7 29. Nd4 Nf5 30. Nxf5+ Qxf5 31. Qc3 Rh8 32. Rxh8 Kxh8 33. Bxf3 gxf3+ 34. Kf1 Qh3+ 35. Ke1 Qh1+ 36. Kd2 Qf1 37. Kc2 Qxf2+ 38. Qd2 Qxg3 39. Kc3 f2 40. Qe2 Qf3 41. Qf1 Bh3 42. Qxf2 Qxf2 43. Kd4 Qxb2+ 44. Kxd5 Qxb5+ 45. Kxe4 Qxc6+ 46. Kf4 Qe6 47. e4 b5 48. Kg5 b4 49. Kh4 b3 50. Kg5 b2 51. Kh4 Qg4# 0-1

[Event "December 12 Late 2023"]
[Site "https://www.chess.com"]
[Date "2023.12.12"]
[Round "9"]
[White "Shton, Roman"]
[Black "Shapiro, Daniel"]
[Result "1-0"]
[Board "75"]
[TimeControl "180+1"]
[WhiteFideId "14137461"]
[BlackFideId "2001780"]
[WhiteElo "2485"]
[BlackElo "2314"]
[WhiteTeam "UKR"]
[BlackTeam "USA"]
[WhiteClock "0:00:21"]
[BlackClock "0:00:00"]

1. d4 Nf6 2. Nf3 b6 3. g3 e6 4. Bg2 Bb7 5. O-O Be7 6. c4 d5 7. Nc3 c6 8. Qd3 O-O 9. e4 dxc4 10. Qxc4 Ba6 11. Qa4 Bxf1 12. Bxf1 b5 13. Qc2 b4 14. Na4 Qa5 15. b3 Rc8 16. Ne5 c5 17. Be3 Nc6 18. Nc4 Qd8 19. dxc5 Ng4 20. Rd1 Qf8 21. h3 Nxe3 22. Nxe3 Ne5 23. f4 Bxc5 24. Qe2 Nc6 25. Kh2 Nd4 26. Qa6 Rd8 27. Bg2 Nf3+ 28. Bxf3 Bxe3 29. Re1 Rd2+ 30. Re2 Rxe2+ 31. Qxe2 Bc5 32. e5 Be7 33. Bxa8 Qxa8 34. Qg2 Qxg2+ 35. Kxg2 Kf8 36. Kf3 Ke8 37. Ke4 Kd7 38. Kd4 Kc6 39. Kc4 a5 40. Nb2 Bc5 41. Nd3 Be3 42. g4 g5 43. f5 exf5 44. gxf5 h5 45. f6 g4 46. e6 fxe6 47. f7 Bh6 48. hxg4 hxg4 49. Ne5+ Kd6 50. Nxg4 Bf8 51. Kd4 Ke7 52. Kc5 Kxf7+ 53. Kb5 Bg7 54. Kxa5 e5 55. Kxb4 e4 56. Kc4 Ke6 57. a4 Kf5 58. Ne3+ Kf4 59. Nd5+ Kf3 60. a5 1-0

[Event "December 12 Late 2023"]
[Site "https://www.chess.com"]
[Date "2023.12.12"]
[Round "9"]
[White "Novikova, Galina"]
[Black "Ramadoss, Ashokkumar"]
[Result "1-0"]
[Board "76"]
[TimeControl "180+1"]
[WhiteFideId "4157095"]
[BlackFideId "5040990"]
[WhiteElo "2484"]
[BlackElo "2331"]
[WhiteTeam "RUS"]
[BlackTeam "IND"]
[WhiteClock "0:00:03"]
[BlackClock "0:00:03"]

1. e4 e6 2. Nf3 d5 3. e5 c5 4. b4 cxb4 5. a3 bxa3 6. Nxa3 Nc6 7. c3 f5 8. d4 Nh6 9. Bd3 Nf7 10. h3 Be7 11. g4 g6 12. gxf5 exf5 13. h4 Be6 14. h5 g5 15. Qc2 Qd7 16. Nb5 h6 17. Ba3 Bxa3 18. Rxa3 a6 19. Ra1 O-O 20. Na3 Rac8 21. Qd2 Na5 22. Rb1 b5 23. Nc2 Nc4 24. Qe2 a5 25. Rg1 Kh8 26. Kf1 Rb8 27. Nce1 b4 28. cxb4 axb4 29. Ng2 Qe7 30. Ne3 Nxe3+ 31. fxe3 b3 32. Qg2 g4 33. Nd2 b2 34. Qf2 Ng5 35. Qf4 Qb4 36. Ke2 Rbc8 37. Rgd1 Rc3 38. Rf1 Bd7 39. e6 Bb5 40. Qe5+ Kh7 41. Bxb5 Qxb5+ 42. Ke1 Rxe3+ 43. Qxe3 Ne4 44. Nxe4 dxe4 45. e7 Qb4+ 46. Qd2 Qxe7 47. d5 f4 48. d6 Qd7 49. Qd4 e3 50. Qe4+ Kg7 51. Rxf4 Re8 52. Rxg4+ Kh8 53. Qd4+ Kh7 54. Re4 1-0

[Event "December 12 Late 2023"]
[Site "https://www.chess.com"]
[Date "2023.12.12"]
[Round "9"]
[White "Nilsson, Joakim"]
[Black "Osmonbekov, Talaibek"]
[Result "1-0"]
[Board "77"]
[TimeControl "180+1"]
[WhiteFideId "1723383"]
[BlackFideId "2017253"]
[WhiteElo "2430"]
[BlackElo "2288"]
[WhiteTeam "SWE"]
[BlackTeam "USA"]
[WhiteClock "0:01:35"]
[BlackClock "0:00:00"]

1. d4 e6 2. Nf3 f5 3. c4 Nf6 4. Nc3 Bb4 5. g3 O-O 6. Bg2 d6 7. O-O Bxc3 8. bxc3 Nc6 9. Nd2 e5 10. e3 Kh8 11. a4 Bd7 12. Rb1 Rb8 13. c5 d5 14. f4 e4 15. h3 Qe8 16. Kf2 Na5 17. Ra1 a6 18. Rh1 Qg6 19. Bf1 Nc6 20. Be2 Ne7 21. Ba3 Bc6 22. Nb3 Qe8 23. Na5 Bxa4 24. Qd2 Nc6 25. Bb4 Nxa5 26. Bxa5 Rc8 27. Rhb1 Bc6 28. Rh1 Bb5 29. g4 Bxe2 30. Qxe2 fxg4 31. hxg4 Qb5 32. Qxb5 axb5 33. g5 Ng8 34. Rhb1 c6 35. Bb6 Ra8 36. Rh1 Ne7 37. Ke2 Nf5 38. Bc7 Ng3+ 39. Kf2 Nxh1+ 40. Rxh1 Ra2+ 41. Kg3 Rc8 42. Be5 Re2 43. g6 h6 44. Rxh6+ Kg8 45. Rh7 Rxe3+ 46. Kg4 Rxc3 47. Rxg7+ Kf8 48. Rh7 Re8 49. Bf6 1-0

[Event "December 12 Late 2023"]
[Site "https://www.chess.com"]
[Date "2023.12.12"]
[Round "9"]
[White "De Souza, Cristiano Gomes"]
[Black "Melikhov, Evgeny V."]
[Result "0-1"]
[Board "78"]
[TimeControl "180+1"]
[WhiteFideId "2151758"]
[BlackFideId "4122046"]
[WhiteElo "2252"]
[BlackElo "2420"]
[WhiteTeam "BRA"]
[BlackTeam "GRE"]
[WhiteClock "0:00:07"]
[BlackClock "0:00:20"]

1. d4 Nf6 2. c4 e6 3. Nf3 d5 4. Nc3 Bb4 5. Bg5 h6 6. Bxf6 Qxf6 7. Rc1 O-O 8. e4 dxe4 9. Ne5 Nd7 10. Nxd7 Bxd7 11. Be2 Bc6 12. O-O Rad8 13. d5 Bxc3 14. Rxc3 exd5 15. cxd5 Rxd5 16. Qc2 Rg5 17. Re3 Rd8 18. b4 a6 19. a4 Qd4 20. b5 axb5 21. axb5 Bxb5 22. Bxb5 Rxb5 23. Qxc7 Rd7 24. Qc8+ Kh7 25. Rxe4 Qxe4 26. Qxd7 Rb1 27. Qxf7 Rxf1+ 28. Kxf1 b5 29. Qb3 b4 30. f3 Qd4 31. Ke2 Kh8 32. Qd3 Qb2+ 33. Qd2 Qe5+ 34. Kf2 Qb5 35. Ke3 b3 36. Qb2 Qb4 37. Kd3 Kg8 38. Qc3 Qb5+ 39. Kd2 b2 40. Qc8+ Kh7 41. Qc2+ Kg8 42. Qb1 Qb3 43. h3 h5 44. h4 Kf7 45. Qf5+ Ke7 46. Qe4+ Kd6 47. Qg6+ Qe6 48. Qc2 Qh6+ 49. Kc3 Qf6+ 50. Kb3 Qxh4 51. Kxb2 Qb4+ 52. Qb3 Qxb3+ 53. Kxb3 Ke5 54. Kc3 Kf4 55. Kd2 Kg3 56. Ke3 Kxg2 57. Kf4 h4 58. Kg5 h3 59. f4 h2 60. Kg6 h1=Q 61. f5 Qa1 0-1

[Event "December 12 Late 2023"]
[Site "https://www.chess.com"]
[Date "2023.12.12"]
[Round "9"]
[White "Ghosh, Chanchal Kumer"]
[Black "NovakRatko"]
[Result "0-1"]
[Board "79"]
[TimeControl "180+1"]
[WhiteFideId "10201858"]
[WhiteElo "2116"]
[BlackElo "2396"]
[WhiteTeam "BAN"]
[WhiteClock "0:00:00"]
[BlackClock "0:01:23"]

1. e4 d5 2. exd5 c6 3. dxc6 Nxc6 4. Nf3 e5 5. Bb5 Bd6 6. Bxc6+ bxc6 7. Qe2 Qe7 8. h3 a5 9. Nc3 Ba6 10. d3 f5 11. O-O Nf6 12. Re1 e4 13. Nd4 Qd7 14. Qd1 Be5 15. Nb3 Bxc3 16. bxc3 O-O-O 17. Nc5 Qa7 18. Be3 Nd5 19. Bd4 Nxc3 20. Bxc3 Qxc5 21. Qd2 exd3 22. Bxa5 Rd5 23. Qf4 Qxa5 24. Re7 dxc2 25. Kh2 Rd1 26. Rc1 Rxc1 27. Qxc1 Qc5 28. Rf7 Rd8 0-1

[Event "December 12 Late 2023"]
[Site "https://www.chess.com"]
[Date "2023.12.12"]
[Round "9"]
[White "Khokhlova, Daria"]
[Black "Estrada Nieto, Julian"]
[Result "0-1"]
[Board "80"]
[TimeControl "180+1"]
[WhiteFideId "24182729"]
[BlackFideId "5101018"]
[WhiteElo "2304"]
[BlackElo "2515"]
[WhiteTeam "FID"]
[BlackTeam "ESP"]
[WhiteClock "0:00:00"]
[BlackClock "0:00:32"]

1. d4 Nf6 2. c4 e6 3. g3 Bb4+ 4. Bd2 Bxd2+ 5. Qxd2 d5 6. Bg2 O-O 7. Qc2 b6 8. Nf3 Ba6 9. Nbd2 Nbd7 10. O-O c5 11. dxc5 Nxc5 12. Ne5 Rc8 13. Rad1 Qc7 14. Ndf3 Ncd7 15. Nxd7 Nxd7 16. Ng5 Nf6 17. Rd4 h6 18. Nf3 Bxc4 19. b3 Ba6 20. Qb2 Qc3 21. Qxc3 Rxc3 22. Re1 Rc2 23. Ra4 Bb5 24. Rxa7 Rxe2 25. Rxe2 Bxe2 26. Rb7 Rc8 27. h3 Rc1+ 28. Kh2 Bxf3 29. Bxf3 Rc2 30. Kg2 Rxa2 31. Rxb6 Rb2 32. b4 g6 33. b5 Kg7 34. Rb7 e5 35. b6 e4 36. Bd1 e3 37. Ba4 d4 38. Bc6 e2 39. Re7 Rxb6 40. Ba4 d3 41. f4 Nd5 42. Re5 Nc3 43. Be8 d2 0-1

[Event "December 12 Late 2023"]
[Site "https://www.chess.com"]
[Date "2023.12.12"]
[Round "9"]
[White "Buchenau, Frank"]
[Black "Biliy, Vadim"]
[Result "1-0"]
[Board "81"]
[TimeControl "180+1"]
[WhiteFideId "4604350"]
[BlackFideId "14114127"]
[WhiteElo "2416"]
[BlackElo "2284"]
[WhiteTeam "GER"]
[BlackTeam "UKR"]
[WhiteClock "0:00:42"]
[BlackClock "0:00:06"]

1. e4 d6 2. d4 Nf6 3. Nc3 g6 4. Nf3 Bg7 5. Be2 O-O 6. O-O Nc6 7. d5 Nb8 8. Bg5 c6 9. Qd2 a5 10. a4 Na6 11. Rfe1 Nb4 12. Rac1 Bd7 13. h3 Rc8 14. Bf1 cxd5 15. exd5 Rc5 16. Be3 Rc8 17. Bh6 Rc5 18. Be3 Rc8 19. Bd4 h5 20. b3 Bf5 21. Bc4 Kh8 22. Nh4 Bd7 23. Re2 Kh7 24. Nf3 Bh6 25. Ng5+ Kg8 26. Rce1 Nh7 27. f4 Re8 28. Nce4 Bf5 29. c3 Na6 30. Qe3 Nxg5 31. fxg5 Bg7 32. Bb6 Qd7 33. Bb5 1-0

[Event "December 12 Late 2023"]
[Site "https://www.chess.com"]
[Date "2023.12.12"]
[Round "9"]
[White "Golubenko, Valentina"]
[Black "Marchesich, Giovanni"]
[Result "0-1"]
[Board "82"]
[TimeControl "180+1"]
[WhiteFideId "4501993"]
[BlackFideId "2824790"]
[WhiteElo "2273"]
[BlackElo "2395"]
[WhiteTeam "CRO"]
[BlackTeam "ITA"]
[WhiteClock "0:00:02"]
[BlackClock "0:01:24"]

1. d4 Nf6 2. g3 c5 3. d5 b5 4. Bg2 Bb7 5. c4 bxc4 6. Nc3 d6 7. e4 g6 8. Nf3 Nbd7 9. O-O Bg7 10. Qe2 O-O 11. Qxc4 Ng4 12. Qe2 a5 13. Rd1 Ba6 14. Qc2 Nge5 15. Nxe5 Nxe5 16. h3 Qb6 17. Kh1 Rab8 18. f4 Nc4 19. b3 Qb4 20. e5 Na3 21. Bxa3 Qxa3 22. Re1 c4 23. Rab1 Rfc8 24. Na4 cxb3 25. Qe4 Rb4 26. Qe3 Qxa4 27. axb3 Qb5 28. Bf3 Qb6 29. Qd2 Rd4 30. Qe3 Rb4 31. Qxb6 Rxb6 32. Bg4 Rcb8 33. exd6 exd6 34. Re7 Bf6 35. Ra7 Bd3 36. Re1 Rxb3 37. Bd7 Rb1 38. Rxb1 Rxb1+ 39. Kg2 Be4+ 0-1

[Event "December 12 Late 2023"]
[Site "https://www.chess.com"]
[Date "2023.12.12"]
[Round "9"]
[White "Cooper, Aaron"]
[Black "Rios Escobar, Adan"]
[Result "1-0"]
[Board "84"]
[TimeControl "180+1"]
[WhiteFideId "2634945"]
[BlackFideId "3403645"]
[WhiteElo "2257"]
[BlackElo "2376"]
[WhiteTeam "CAN"]
[BlackTeam "CHI"]
[WhiteClock "0:00:11"]
[BlackClock "0:00:02"]

1. e4 c6 2. d4 d5 3. exd5 cxd5 4. Bd3 Nf6 5. c3 Bg4 6. Qb3 Qc7 7. Ne2 Nc6 8. Bf4 Qd7 9. O-O e6 10. Re1 Bd6 11. Bxd6 Qxd6 12. Qxb7 O-O 13. Qa6 Rab8 14. b4 Rb6 15. Qa4 e5 16. dxe5 Nxe5 17. Qc2 Rc8 18. Bf5 Rc4 19. Bxg4 Nfxg4 20. Ng3 Rbxb4 21. Nd2 Rc8 22. Qf5 Rd8 23. cxb4 g6 24. Qf4 h5 25. h3 Nf6 26. Qxe5 Qb6 27. Nf3 h4 28. Nf1 Ne4 29. Qd4 Qb8 30. Rad1 Rc8 31. Rxe4 dxe4 32. Qxe4 Qc7 33. Qxh4 a5 34. Ng3 axb4 35. Qxb4 Ra8 36. a4 Rb8 37. Qh4 Qa5 38. Ng5 Rb7 39. Qh7+ Kf8 40. Qh8+ Ke7 41. N3e4 Qb6 42. Re1 Kd7 43. Qg7 Kc7 44. Qxf7+ Kb8 45. Qe8+ Ka7 46. Qb5 Qd4 47. Qa5+ Kb8 48. Rc1 Qd7 49. Nc5 Qf5 50. Qd8+ Ka7 51. Nxb7 Qxg5 52. Qxg5 Kb8 53. Qb5 Ka7 54. Nd6 Ka8 55. Rc8+ Ka7 56. Qb7# 1-0

[Event "December 12 Late 2023"]
[Site "https://www.chess.com"]
[Date "2023.12.12"]
[Round "9"]
[White "youngdinousaur"]
[Black "Munoz Sanchez, Miguel"]
[Result "1/2-1/2"]
[Board "85"]
[TimeControl "180+1"]
[BlackFideId "3600734"]
[WhiteElo "2256"]
[BlackElo "2336"]
[BlackTeam "ECU"]
[WhiteClock "0:00:09"]
[BlackClock "0:00:03"]

1. d4 Nf6 2. Nf3 g6 3. Nc3 d5 4. Bf4 Bg7 5. e3 O-O 6. Be2 c5 7. Ne5 Nc6 8. Qd2 Nd7 9. Nxd5 Ndxe5 10. dxe5 Nxe5 11. O-O-O Be6 12. h4 Rc8 13. h5 Qe8 14. hxg6 fxg6 15. c3 c4 16. Rh2 Rd8 17. e4 Bxd5 18. exd5 Nd3+ 19. Bxd3 cxd3 20. Bh6 Qf7 21. Bxg7 Qxg7 22. Qe3 Rxd5 23. f3 Qe5 24. Qxe5 Rxe5 25. Rxd3 Re2 26. Rd2 Re1+ 27. Kc2 Rf6 28. Rh4 Rfe6 29. Rhd4 Kf7 30. Rd7 Rb6 31. a3 h5 32. Rc7 Ree6 33. Rdd7 Re2+ 34. Kd3 Rbxb2 35. Rxb7 Rxb7 36. Rxb7 Rxg2 37. Rxa7 Ra2 38. Ke3 h4 39. Ra4 h3 40. Rh4 h2 41. a4 g5 42. Rh3 Kg6 43. Kd3 Kf5 44. Ke3 e5 45. Rh8 g4 46. fxg4+ Kxg4 47. c4 Kg3 48. c5 Kg2 49. Rg8+ Kh3 50. Rh8+ Kg2 51. Rg8+ Kf1 52. Rh8 Kg1 53. Rg8+ Rg2 54. Rh8 h1=Q 55. Rxh1+ Kxh1 56. Ke4 Ra2 57. Kxe5 Rxa4 58. Kd6 Rc4 59. c6 Kg2 60. c7 Kf3 61. Kd7 Rxc7+ 62. Kxc7 1/2-1/2

[Event "December 12 Late 2023"]
[Site "https://www.chess.com"]
[Date "2023.12.12"]
[Round "9"]
[White "Bonin, Jay"]
[Black "De Lima, Valdenicio Marcelino"]
[Result "1-0"]
[Board "86"]
[TimeControl "180+1"]
[WhiteFideId "2000644"]
[BlackFideId "2132044"]
[WhiteElo "2315"]
[BlackElo "2246"]
[WhiteTeam "USA"]
[BlackTeam "BRA"]
[WhiteClock "0:00:13"]
[BlackClock "0:00:08"]

1. d4 Nf6 2. Nf3 c5 3. d5 d6 4. Nc3 g6 5. e4 Bg7 6. Bb5+ Nbd7 7. a4 O-O 8. O-O a6 9. Be2 h6 10. h3 Ne8 11. Be3 Nc7 12. Qd2 Kh7 13. a5 Rb8 14. Rfb1 b5 15. axb6 Rxb6 16. Ra4 Nb5 17. Nd1 Nf6 18. c4 Nc7 19. Bd3 Bd7 20. Ra5 Qb8 21. b4 Rxb4 22. Rxb4 Qxb4 23. Qxb4 cxb4 24. Bb6 Na8 25. Rxa6 Rb8 26. Bd4 Nh5 27. Nb2 Nf4 28. Bf1 Bxd4 29. Nxd4 Nb6 30. Nc6 Bxc6 31. dxc6 Ne6 32. g3 Nc8 33. f4 Nc5 34. Ra5 Nxe4 35. Bg2 Nxg3 36. c7 Rb6 37. Ra8 Ne2+ 38. Kf2 Nxf4 39. Rxc8 Nxg2 40. Rh8+ Kxh8 41. c8=Q+ Kg7 42. Kxg2 1-0

[Event "December 12 Late 2023"]
[Site "https://www.chess.com"]
[Date "2023.12.12"]
[Round "9"]
[White "Clarke, Matthew"]
[Black "Kappeler, Kaspar"]
[Result "1-0"]
[Board "87"]
[TimeControl "180+1"]
[WhiteFideId "3227804"]
[BlackFideId "1309072"]
[WhiteElo "2221"]
[BlackElo "2312"]
[WhiteTeam "AUS"]
[BlackTeam "SUI"]
[WhiteClock "0:00:06"]
[BlackClock "0:00:00"]

1. d4 Nf6 2. c4 e6 3. g3 d5 4. Bg2 dxc4 5. Nf3 c5 6. O-O Nc6 7. dxc5 Qxd1 8. Rxd1 Bxc5 9. Nbd2 c3 10. bxc3 Bd7 11. Rb1 Na5 12. Ne5 Ba4 13. Nb3 Rc8 14. Bf4 b6 15. Rd2 O-O 16. Nxa5 bxa5 17. Rb7 h6 18. h4 Ba3 19. Rxa7 Rxc3 20. Rxa5 Bc1 21. Rxa4 Bxd2 22. Bxd2 Rc2 23. Bb4 Rd8 24. Ra7 Nd5 25. Bxd5 Rxd5 26. Nxf7 Rxe2 27. Nd6 Rb2 28. a3 Rxb4 29. axb4 Rxd6 30. Rb7 Rd1+ 31. Kg2 Rb1 32. Kf3 Kh7 33. b5 Rb4 34. h5 Kg8 35. b6 Rb5 36. g4 Kh7 37. Ke3 Re5+ 38. Kd4 Rd5+ 39. Kc4 Rd2 40. f3 Rf2 41. Rf7 Rb2 42. b7 Kg8 43. Rc7 Kf8 44. Rc8+ Kf7 45. b8=Q Kf6 46. Qxb2+ Kg5 47. Qxg7+ Kh4 48. Qxh6 Kg3 49. Qxe6 Kh2 50. h6 Kh3 51. g5+ Kg3 52. Qg4+ Kf2 53. f4 Ke1 54. Qg2 1-0

[Event "December 12 Late 2023"]
[Site "https://www.chess.com"]
[Date "2023.12.12"]
[Round "9"]
[White "Tarnowska, Aleksandra"]
[Black "Kornyukov, Alexey"]
[Result "1/2-1/2"]
[Board "88"]
[TimeControl "180+1"]
[WhiteFideId "1180967"]
[BlackFideId "4150457"]
[WhiteElo "2196"]
[BlackElo "2310"]
[WhiteTeam "POL"]
[BlackTeam "RUS"]
[WhiteClock "0:00:03"]
[BlackClock "0:00:02"]

1. e4 c5 2. Nf3 Nc6 3. Bb5 e6 4. O-O Nge7 5. c3 a6 6. Ba4 b5 7. Bc2 Bb7 8. d4 cxd4 9. Nxd4 Ng6 10. Nd2 Bd6 11. N2f3 Qc7 12. Re1 O-O 13. h3 Rac8 14. Be3 Bf4 15. Nxc6 dxc6 16. Qd2 Rfd8 17. Qe2 c5 18. Rad1 h6 19. Rxd8+ Rxd8 20. g3 Bxe3 21. Qxe3 c4 22. Rd1 Rxd1+ 23. Bxd1 Ne5 24. Nxe5 Qxe5 25. f4 Qxe4 26. Qxe4 Bxe4 27. a4 Kf8 28. Kf2 Ke7 29. Ke3 Bc6 30. axb5 axb5 31. Kd4 Kd6 32. h4 f6 33. Bh5 e5+ 34. fxe5+ fxe5+ 35. Ke3 Kc5 36. Bg6 Kb6 37. Be4 Kc5 38. Bf5 Bd5 39. Bd7 b4 40. g4 bxc3 41. bxc3 Kb6 42. Bf5 Kc6 43. g5 Kd6 44. gxh6 gxh6 45. Bg6 Ke6 46. Bh7 Kf6 47. Kf2 e4 48. Ke3 Ke5 49. Bg6 Bc6 50. Bh7 Bd5 51. Bg6 Bc6 52. Bf7 Bd5 53. Bg6 1/2-1/2

[Event "December 12 Late 2023"]
[Site "https://www.chess.com"]
[Date "2023.12.12"]
[Round "9"]
[White "Silvestre, Christian"]
[Black "Demina, Marya"]
[Result "1-0"]
[Board "89"]
[TimeControl "180+1"]
[WhiteFideId "30956269"]
[BlackFideId "4195671"]
[WhiteElo "2308"]
[BlackElo "2159"]
[WhiteTeam "USA"]
[BlackTeam "RUS"]
[WhiteClock "0:01:18"]
[BlackClock "0:00:00"]

1. e4 c6 2. d4 d5 3. exd5 cxd5 4. c4 Nf6 5. Nc3 e6 6. Bf4 a6 7. c5 Nc6 8. Nf3 Bd7 9. Bd3 b6 10. Na4 bxc5 11. dxc5 Bxc5 12. Nxc5 Qa5+ 13. Qd2 Qxc5 14. O-O O-O 15. a3 a5 16. Rac1 Qb6 17. Bd6 Rfe8 18. Qg5 Qxb2 19. Ne5 Rac8 20. Nxd7 Nxd7 21. Rxc6 Rxc6 22. Bf4 Qf6 23. Qg4 Nf8 24. h4 e5 25. Bg5 Qd6 26. Bb5 Qe6 27. Qg3 Rd8 28. Bxc6 Qxc6 29. Bxd8 Ne6 30. Bxa5 f6 31. Kh2 d4 32. Qb3 h6 33. Qb6 Qd5 34. Rc1 Nf4 35. Qc6 Qxa5 36. g3 Ng6 37. h5 Nf8 38. Qc4+ Kh8 39. Qf7 1-0

[Event "December 12 Late 2023"]
[Site "https://www.chess.com"]
[Date "2023.12.12"]
[Round "9"]
[White "Buenafe Moya, Javier"]
[Black "Bazzano, Sebastian"]
[Result "0-1"]
[Board "90"]
[TimeControl "180+1"]
[WhiteFideId "2206412"]
[BlackFideId "104566"]
[WhiteElo "2366"]
[BlackElo "2305"]
[WhiteTeam "ESP"]
[BlackTeam "ARG"]
[WhiteClock "0:00:48"]
[BlackClock "0:00:05"]

1. c4 Nf6 2. Nc3 c5 3. Nf3 g6 4. d4 cxd4 5. Nxd4 Bg7 6. g3 O-O 7. Bg2 Nc6 8. Nc2 d6 9. b3 Bd7 10. O-O a6 11. Bb2 Rb8 12. Nd5 Nxd5 13. Bxg7 Kxg7 14. Bxd5 Be6 15. Ne3 Bxd5 16. Nxd5 e6 17. Nf4 Qe7 18. Qd2 Rfd8 19. Rfd1 Kg8 20. h4 b5 21. Rac1 bxc4 22. Rxc4 Ne5 23. Rd4 d5 24. Nh3 Nc6 25. Ra4 a5 26. Qh6 Qf8 27. Qf4 Qd6 28. Qh6 Qf8 29. Qd2 Rb4 30. Rxb4 Qxb4 31. Qd3 Qg4 32. Kh2 Nb4 33. Qd2 Rc8 34. Rc1 Rxc1 35. Qxc1 Qxe2 36. Qc8+ Kg7 37. Qc7 Nd3 38. Kg1 Qe1+ 39. Kg2 Qe4+ 40. Kf1 Qe1+ 41. Kg2 Qe4+ 42. Kh2 Qe2 43. Qc3+ e5 44. Kg2 d4 45. Qxa5 Ne1+ 46. Kg1 Nf3+ 47. Kg2 Ne1+ 48. Kh2 d3 49. Ng5 Qxf2+ 50. Kh3 Qg2+ 51. Kg4 f5# 0-1

[Event "December 12 Late 2023"]
[Site "https://www.chess.com"]
[Date "2023.12.12"]
[Round "9"]
[White "Zampronha, Wladimir Camilo"]
[Black "De Souza, Arthur Olintho"]
[Result "1-0"]
[Board "91"]
[TimeControl "180+1"]
[WhiteFideId "2103087"]
[BlackFideId "2116200"]
[WhiteElo "2348"]
[BlackElo "2076"]
[WhiteTeam "BRA"]
[BlackTeam "BRA"]
[WhiteClock "0:02:46"]
[BlackClock "0:02:08"]

1. e4 c5 2. Nf3 d6 3. d4 cxd4 4. Nxd4 Nf6 5. Nc3 g6 6. Be3 Bg7 7. f3 O-O 8. Qd2 Nc6 9. Bc4 Nxd4 10. Bxd4 Be6 11. Bb3 Rc8 12. O-O-O Bxb3 13. axb3 Qa5 14. Kb1 Rfe8 15. Nd5 Nxd5 16. Qxa5 1-0

[Event "December 12 Late 2023"]
[Site "https://www.chess.com"]
[Date "2023.12.12"]
[Round "9"]
[White "Wang, Alexander J"]
[Black "Kujawski, Adam"]
[Result "1-0"]
[Board "92"]
[TimeControl "180+1"]
[WhiteFideId "30955270"]
[BlackFideId "1100920"]
[WhiteElo "2218"]
[BlackElo "2340"]
[WhiteTeam "USA"]
[BlackTeam "POL"]
[WhiteClock "0:00:09"]
[BlackClock "0:00:23"]

1. e4 Nf6 2. e5 Nd5 3. d4 d6 4. c4 Nb6 5. exd6 exd6 6. Nc3 Be7 7. Nf3 O-O 8. Be2 Bg4 9. O-O Nc6 10. b3 Bf6 11. Be3 d5 12. c5 Nc8 13. h3 Bh5 14. Qd2 Re8 15. Rad1 a5 16. a3 Bg6 17. Bd3 N8e7 18. Bxg6 hxg6 19. Rfe1 Nf5 20. Qd3 Qd7 21. Ne2 Nxe3 22. fxe3 Re7 23. Nf4 Rae8 24. Re2 Re4 25. Nd2 Nxd4 26. exd4 Rxf4 27. Rxe8+ Qxe8 28. Nf3 Re4 29. Kh2 c6 30. b4 axb4 31. axb4 Re3 32. Qd2 Qe4 33. b5 Re2 34. Qd3 Qf4+ 35. Kh1 Qg3 36. Qxe2 cxb5 37. Qe8+ Kh7 38. Qxb5 g5 39. Qd3+ g6 40. Nh2 Qf4 41. Ng4 Bxd4 42. Rf1 Qe4 43. Qxe4 dxe4 44. Rxf7+ Kg8 45. Re7 Bxc5 46. Rxe4 Kf7 47. Rc4 Bd6 48. Rd4 Ke6 49. Rd3 b5 50. Rb3 b4 51. Ne3 Bc5 52. Nc2 Kd5 53. Rxb4 Bxb4 54. Nxb4+ Ke4 55. Kg1 g4 56. hxg4 Kf4 57. Kf2 Kxg4 58. Nd3 g5 59. Ne5+ Kf4 60. Nf3 g4 61. Nd2 g3+ 62. Kg1 Ke5 63. Nf3+ Kf4 64. Kf1 Ke3 65. Ke1 Kd3 66. Ng1 Ke3 67. Ne2 Kd3 68. Nxg3 Ke3 69. Kf1 Kf4 70. Kf2 Kg4 71. Ne2 Kh4 72. g3+ Kg4 73. Kg2 Kg5 74. Kf3 Kf5 75. g4+ Ke5 76. Kg3 Kd5 77. g5 Kc4 78. Kg4 Kd5 79. Kf5 Kc4 80. Kf6 1-0

[Event "December 12 Late 2023"]
[Site "https://www.chess.com"]
[Date "2023.12.12"]
[Round "9"]
[White "Dubreuil, Julien"]
[Black "Floresvillar Gonzalez, Luis Migu"]
[Result "0-1"]
[Board "93"]
[TimeControl "180+1"]
[WhiteFideId "621285"]
[BlackFideId "5100542"]
[WhiteElo "2306"]
[BlackElo "2213"]
[WhiteTeam "FRA"]
[BlackTeam "MEX"]
[WhiteClock "0:00:56"]
[BlackClock "0:00:44"]

1. a3 d5 2. Nf3 c6 3. g3 Bg4 4. Bg2 Nd7 5. O-O h5 6. h3 Bf5 7. d3 Ngf6 8. c4 e6 9. b4 dxc4 10. dxc4 Be7 11. Bb2 O-O 12. Nbd2 Qc7 13. Nd4 Bg6 14. Qb3 Rfd8 15. Rfd1 a5 16. b5 Nc5 17. Qf3 Na4 18. Bc3 Nxc3 19. Qxc3 e5 20. N4f3 cxb5 21. Qxe5 Bd6 22. Qxb5 Bc2 23. Rdc1 Be4 24. Nxe4 Nxe4 25. Qxh5 Bc5 26. e3 Nxg3 27. fxg3 Bxe3+ 28. Kh2 Bxc1 29. Rxc1 Rd6 30. Ng5 Rh6 31. Qg4 Rd8 32. Rc2 Rd3 33. Bd5 Rxd5 34. Qe4 Rxg5 35. Rc1 0-1

[Event "December 12 Late 2023"]
[Site "https://www.chess.com"]
[Date "2023.12.12"]
[Round "9"]
[White "Ruiz Aguilar, Pablo Alexander"]
[Black "Burke, Paul"]
[Result "1-0"]
[Board "95"]
[TimeControl "180+1"]
[WhiteFideId "4401352"]
[BlackFideId "2605767"]
[WhiteElo "2277"]
[BlackElo "1857"]
[WhiteTeam "COL"]
[BlackTeam "CAN"]
[WhiteClock "0:01:36"]
[BlackClock "0:00:05"]

1. e4 a6 2. d4 d6 3. c3 g6 4. Bd3 h6 5. f4 Bg7 6. Nf3 Nd7 7. O-O e6 8. e5 Ne7 9. exd6 cxd6 10. Nbd2 O-O 11. Ne4 d5 12. Nd6 Nf6 13. Nxc8 Rxc8 14. Ne5 Nc6 15. Qf3 Nd7 16. Qh3 Qc7 17. Nxd7 Qxd7 18. f5 exf5 19. Bxh6 Qd6 20. Bf4 Qd8 21. Bd2 Re8 22. Rae1 Qf6 23. Qg3 Rxe1 24. Rxe1 Nxd4 25. cxd4 Qxd4+ 26. Kh1 Qxb2 27. Bg5 Qxa2 28. Bxf5 gxf5 29. Bf6 1-0

[Event "December 12 Late 2023"]
[Site "https://www.chess.com"]
[Date "2023.12.12"]
[Round "9"]
[White "Harrington, Steve"]
[Black "Mazzilli, Piero"]
[Result "0-1"]
[Board "96"]
[TimeControl "180+1"]
[WhiteFideId "2038730"]
[BlackFideId "807087"]
[WhiteElo "2133"]
[BlackElo "2298"]
[WhiteTeam "USA"]
[BlackTeam "ITA"]
[WhiteClock "0:00:33"]
[BlackClock "0:01:24"]

1. e4 c5 2. c3 d5 3. exd5 Qxd5 4. d4 Nf6 5. Nf3 Nc6 6. Be2 e6 7. O-O cxd4 8. cxd4 Be7 9. Nc3 Qd6 10. Re1 O-O 11. h3 a6 12. Bg5 b5 13. Rc1 Bb7 14. a3 Rfd8 15. Be3 Rac8 16. Bf1 Qb8 17. b4 Bf8 18. Qd2 e5 19. Ne4 Nxe4 20. Qd3 Nxd4 21. Rxc8 Nxf3+ 22. gxf3 Qxc8 23. fxe4 Rxd3 24. Bxd3 Qc3 25. Rd1 Qxa3 0-1